Map: Frostline LE

Players

Bacchus - Winner!

  • Race: Zerg Zerg
  • League: Silver
  • Spawn Location: 7:00

iPlayDefense

  • Race: Terran Terran
  • League: Silver
  • Spawn Location: 1:00

VOD

Have the link to the VOD?

Description

Time

  • Played on: April 17, 2025, 11:33 a.m.
  • Length: 5:28
Show
View Real Time Build Order
Export as new Build Order

Bacchus Zerg - Winner!

Build Orders: Pool First 

Get SALT Encoding   

  12  0:00  Drone  
  13  0:08  Drone  
  14  0:16  Overlord  
  14  0:34  Spawning Pool  
  13  0:36  Drone  
  13  0:40  Drone  
  15  0:44  Drone  
  15  0:49  Drone  
  17  1:01  Extractor  
  17  1:03  Drone  
  17  1:26  Roach Warren  
  17  1:27  Queen  
  18  1:42  Hatchery  
  18  1:54  Drone x3  
  18  1:56  Extractor  
  19  2:07  Lair  
  19  2:16  Roach  
  21  2:23  Zergling x2  
  22  2:35  Overlord  
  22  2:39  Overlord  
  22  3:05  Drone x2  
  23  3:06  Drone  
  23  3:07  Glial Reconstitution  
  25  3:12  Queen  
  25  3:16  Roach  
  25  3:18  Roach  
  31  3:22  Drone  
  31  3:23  Drone  
  32  3:58  Evolution Chamber  
  32  4:01  Hydralisk Den  
  30  4:07  Roach x3  
  30  4:08  Roach  
  38  4:15  Roach x2  
  42  4:17  Overlord  
  42  4:21  Drone  
  43  4:46  Hydralisk x2  
  43  4:48  Drone x2  
  43  4:50  Drone  
  50  4:56  Overlord  
Show
View Real Time Build Order
Export as new Build Order

iPlayDefense Terran 

Build Orders:  

Get SALT Encoding   

  12  0:00  SCV  
  13  0:15  Supply Depot  
  13  0:17  SCV  
  14  0:29  SCV  
  15  0:41  SCV  
  16  0:51  Barracks  
  16  0:53  SCV  
  17  0:57  Refinery  
  17  1:04  Refinery  
  17  1:05  SCV  
  18  1:16  Supply Depot  
  18  1:18  SCV  
  19  1:40  Orbital Command  
  19  1:41  Barracks Reactor  
  19  2:01  Barracks  
  19  2:03  Barracks  
  19  2:10  SCV  
  20  2:20  Supply Depot  
  20  2:22  SCV  
  21  2:33  Marine  
  21  2:34  Marine  
  23  2:49  Barracks Tech Lab x2  
  23  2:51  Marine x2  
  23  2:55  SCV  
  26  3:07  SCV  
  27  3:15  Command Center  
  27  3:19  SCV  
  28  3:27  Marine  
  28  3:28  Marine  
  28  3:31  SCV  
  28  3:34  Combat Shield  
  31  3:40  Stimpack  
  31  3:43  SCV  
  32  4:28  Orbital Command  
  32  4:32  SCV  
  32  4:33  Marine x4  
  32  4:38  Supply Depot  
  37  4:44  SCV  
  38  4:46  Factory  
  38  4:51  Marine x2, Engineering Bay  
  40  4:53  Engineering Bay  
  40  4:56  SCV x2  
  40  4:58  Marine x2  
  44  5:08  SCV x2, Marine  
  44  5:09  Marine  
Tags
 
Matchup
TvZ
Opening
Pool First
Replay Pack
DaveSC2
Spawn Locations
Cross Positions
Add a new tag
Caveats
  • Supply blocks, unpowered buildings, or Contaminate may cause inaccurate times.
  • Supply counts are checked every 10 seconds.